Workbook

Sheet MTTO PPTO PRJC
B4: MANTENIMIENTO INFRAESTRUCTURAS PARQUE REGIONAL JOHNNY CAY
B5: S U B D I R E C C C I O N D E M A R E S Y C O S T A S
B7: P R E S U P U E S T O O F I C I A L
B8: OBJETO: CONTRATAR A TODO COSTO EL MANTENIMIENTO, MEJORAMIENTO Y REPARACIONES LOCATIVAS DE LA INFRAESTRUCTURA FISICA EXISTENTE EN EL PARQUE REGIONAL JOHNNY CAY” PLAZO: 2 MESES
B10: RESPONSABLE: SUBDIRECCION MARES Y COSTAS | E10: FECHA: OCTUBRE 2026
B11: Item No. | C11: DESCRIPCION | D11: UND | E11: CANT | F11: Vr. Unit | G11: Vr. Final
B13: A | C13: AREAS EXTERIORES
B14: A1 | C14: SISTEMA DE AGUAS NEGRAS
B15: 1 | C15: Mantenimiento sistema aguas negras
B16: 1.1 | C16: Limpieza y desinfeccion de sistema disposicion aguas negras | D16: GL | E16: 1 | F16: =+APU!$H$47 -> 3320092 | G16: =E16*F16 -> 3320092
B17: 1.2 | C17: Retiro e instalacion nueva de tuberia sanitaria de 4" y 2" PVC, espina de pescado para filtro de aguas residuales, incluye la excavacion de sanja, retiro de tuberia, instalacion de cama en gravilla nueva, forrada en polisombra doble, recubrimiento de tuberia con material de sitio. | D17: ML | E17: 50 | F17: =+APU!$H$137 -> 205103 | G17: =E17*F17 -> 10255150
B18: 1.3 | C18: Mantenimiento y limpieza de trampa de grasas, incluye la utilizacion de desengrasante, desinfeccion de paredes y fondo, pintura en marco y contramarco con pintura epoxica. (incluye bomba sumergible, planta y extencion electrica y accesorios necesarios) | D18: UND | E18: 5 | F18: =+APU!$H$185 -> 1171618 | G18: =E18*F18 -> 5858090
B19: 1.4 | C19: Mantenimiento y limpieza de registros de inspeccion, incluye la utilizacion de desengrasante, desinfeccion de paredes y fondo, . (incluye bomba sumergible, planta y extencion electrica) | D19: UND | E19: 8 | F19: =+APU!$H$232 -> 884223 | G19: =E19*F19 -> 7073784
B20: 1.5 | C20: Disposicion final de grasas, incluye desactivacion, por medio de cal viva, excavacion manual, para disposicion de desactivacion de grasas | D20: GL | E20: 1 | F20: =+APU!$H$280 -> 482858 | G20: =E20*F20 -> 482858
B21: B | C21: ZONA ADMINISTRATIVA P.01
B22: B1 | C22: (TAQUILLA - PTO INFORMACION - ENFERMERIA )
B23: 2 | C23: PRELIMINARES
B24: 2.1 | C24: Retiro o desmonte deck en madera en mal estado, incluye recoleccion en sacos para salida del parque | D24: M2 | E24: 60.12 | F24: =+APU!$H$328 -> 38973 | G24: =+ROUND(E24*F24,0) -> 2343057
B25: 3 | C25: CARPINTERIA EN MADERA
B26: 3.1 | C26: Mtto de barra de atención de a=0,40mts zona de taquilla y pto de informacion con madera Pino 2X8 inmunizada con merulex ISF - Sika, acabado barnis marino o similar tres manos. Incluye pulida madera, sellador lijable. | D26: ML | E26: 3.5 | F26: =+APU!$H$375 -> 289163 | G26: =+ROUND(E26*F26,0) -> 1012071
B27: 3.2 | C27: Mtto de columnas en madera tipo sandwich, en liston madera 2x8, incluye platina en hierro 1/8", pernos y accesorios de fijacion, acabado en pintura barniz marino | D27: ML | E27: 15 | F27: =+APU!$H$423 -> 494951 | G27: =+E27*F27 -> 7424265
B28: 3.3 | C28: Suministro e instalacion de cubierta en lamina ecoroof, incluye triplex marino 15mm, incluye tornilleria | D28: M2 | E28: 3 | F28: =+APU!$H$472 -> 565129 | G28: =+E28*F28 -> 1695387
B29: 3.4 | C29: Construccion de Rampa acceso a bodega-kiosco administracion en listones de pino inmunizado de 2x4 y 2x6, liston 2x6 y 2x4 en pino inmunizado, tornilleria, barniz marino. | D29: M2 | E29: =1.8*3.3 -> 5.94 | F29: =+APU!$H$664 -> 761481 | G29: =+ROUND(E29*F29,0) -> 4523197
B30: 3.5 | C30: Construccion de deck con desnivel en escalas area administrativa en listones de pino inmunizado de 2x4 y 2x6, incluye contrahuellas en liston 2x6 pino inmunizado, huellas en 2x4 en pino inmunizado, tornilleria, barniz marino. Area prom: 31,75m2 | D30: M2 | E30: 31.75 | F30: =+$F$29 -> 761481 | G30: =+ROUND(E30*F30,0) -> 24177022
B31: 4 | C31: CARPINTERIA EN ALUMINIO
B32: 4.1 | C32: Suministro e instalacion de perfil en alumnio 3 x 1/2" perimetral color natural, enmarque de puerta. Dimension h: 2,30, incluye desmonte instalacion de pasador incluir perforaciones (acceso bodega) | D32: Gl | E32: 1 | F32: =+APU!$H$518 -> 546510 | G32: =+E32*F32 -> 546510
B33: 4.2 | C33: Suministro e instalacion de perfil en alumnio 3 x 1/2" perimetralde hoja de puerta, (se reutilizan los pisavidrios y esterillas existentes)color natural, enmarque de puerta. Dimension 0,90 x 2,30 incluye desmonte. Cambio de bisagras, cambio de manija(para puerta acceso oficinas administrativas) | D33: Gl | E33: 1 | F33: =+APU!$H$615 -> 807010 | G33: =+E33*F33 -> 807010
B34: 4.3 | C34: Manteniento de ventana en alumnio color natural tipo guillotina, incluye limpieza, engrace y cambio de accesorio de fijcion y operación ( media lunas.) Dimension 1,30 x 1,50 | D34: UN | E34: 2 | F34: 120000 | G34: =+E34*F34 -> 240000
B35: 4.4 | C35: Desmonte y reinstalacion de puertas, mueble de baterias fotovoltaicas incluye corte de board, instalacion de refuerzo en madera como soporte, cierre de muro, acabado en estuco y pintura. | D35: GL | E35: 1 | F35: =+APU!$H$567 -> 1013934 | G35: =+E35*F35 -> 1013934
B36: 5 | C36: ACABADO EN PINTURA
B37: 5.1 | C37: Acabado pintura exterior, tipo coraza sobre muros, (2 manos) | D37: M2 | E37: 49.27 | F37: =+APU!$H$761 -> 81682 | G37: =+ROUND(E37*F37,0) -> 4024472
B38: 5.2 | C38: Acabado pintura interior muros, tipo 1 color blanco (3 manos) | D38: M2 | E38: 67.35 | F38: =+APU!$H$807 -> 78522 | G38: =+ROUND(E38*F38,0) -> 5288457
B39: 5.3 | C39: Acabado pintura exterior para piso deck en madera, barnis de alta resistecia para exterior. Tintilla color miel. (incluye lijado) | D39: M2 | E39: 37.61 | F39: =+APU!$H$863 -> 101707 | G39: =+ROUND(E39*F39,0) -> 3825200
B40: 5.4 | C40: Acabado pintura barnis de alta resistencia, para columnas tipo sandwich en madera.(incluye lijado) | D40: ML | E40: 38.87 | F40: =+APU!$H$959 -> 55645 | G40: =+ROUND(E40*F40,0) -> 2162921
B41: 5.5 | C41: Acabado en pintura en vinilo tipo 1 colores, exterior e interior para cercha y persianas en madera. | D41: M2 | E41: 48.3 | F41: =+$F$38 -> 78522 | G41: =+ROUND(E41*F41,0) -> 3792613
B42: 5.6 | C42: Suministro y aplicación de merulex o similar en madera de cubierta | D42: M2 | E42: 84.79 | F42: =+APU!$H$1008 -> 69704 | G42: =+ROUND(E42*F42,0) -> 5910202
B43: 5.7 | C43: Acabado pintura para cubierta en madera, barnis de alta resistencia para exterior. Tintilla color miel. (incluye lijado) | D43: M2 | E43: 84.79 | F43: =+APU!$H$911 -> 114707 | G43: =+ROUND(E43*F43,0) -> 9726007
B44: 6 | C44: SUMINISTRO E INSTALACION APARATOS
B45: 6.1 | C45: Suministro e Instalación de Tanque 2000 lit. tipo Colempaques o similar - incluye valvulas, accesorios y tuberia hasta el nivel de piso de los tanques. Incluye excavacion, h: 1,00m diametro 2,00m, construccion de base de suelo en concreto 4000psi, con malla electrosoldada esp: 0,10m. | D45: UN | E45: 1 | F45: =+APU!$H$1060 -> 3944575 | G45: =+E45*F45 -> 3944575
B46: 7 | C46: SISTEMA DE AGUAS LLUVIAS EN CUBIERTAS
B47: 7.1 | C47: Suministro e instalacion de canal amazonas,incluye soportes de fijacion, tabla 1x12 acabado color blanco, tornilleria. | D47: ML | E47: 3 | F47: =+APU!$H$1113 -> 252273 | G47: =+E47*F47 -> 756819
B48: 7.2 | C48: Suministro e instalación de bajante para agua lluvia en tuberia PVC P 3"o similar, incluye accesorios para su optimo funcionamiento, | D48: ML | E48: 4 | F48: =+APU!$H$1164 -> 158576 | G48: =+E48*F48 -> 634304
B49: 7.3 | C49: Suministro e instalación de colector para aguas lluvias, en tuberia de 4 " PVC S, incluye excavación, relleno y conexión a tanque de agua. | D49: ML | E49: 3 | F49: =+APU!$H$1212 -> 193599 | G49: =+E49*F49 -> 580797
B50: 8 | C50: SISTEMA DE FOTOVOLTAICO
B51: 8.14 | C51: Mantanimiento preventivo periodico del sistema solar fotovoltaico, incluye Revision y limpieza de paneles, revision de los MC4, revision y limpieza del inversor, revision y limpieza de las baterias, revision del tablero de distribusion y el cableado, toma de registro termografoco, cambio de MC4 en mal estado (hasta 32 und) No incluye cambio de equipos en mal estado. | D51: Gl | E51: 1 | F51: =1350000+400000+(15000*32) -> 2230000 | G51: =+E51*F51 -> 2230000
B52: 9 | C52: ORNAMENTACION
B53: 9.14 | C53: Suministro y siembra de planta tipo veranera, incluye tierra negra (5bultos), riego de 2 semanas para que se mantega la planta | D53: UND | E53: 1 | F53: =+APU!$H$3366 -> 400010 | G53: =+E53*F53 -> 400010
B54: 10 | C54: PLAN DE MANEJO AMBIENTAL
B55: 10.1 | C55: Manejo integral de obra: Aseo y limpieza general de la obra, incluye limpieza de malesa existente y retirada de la misma, Protección en Cinta Reflectiva para evitar la intrusión ajeno en la obra, Aviso informativo indicando Obra en construccion / Perdone las molestias. Sacos para recoleccion de material sobrante. | D55: GL | E55: 1 | F55: =+$F$108 -> 5390078 | G55: =+E55*F55 -> 5390078
B57: B | C57: KIOSCO BATERIA DE BAÑO
B58: 11 | C58: PRELIMINARES
B59: 11.1 | C59: Retiro o desmonte deck en madera en mal estado (escalas y rampa), incluye retiro del parque de material sobrante | D59: M2 | E59: =31.75+8 -> 39.75 | F59: =+$F$24 -> 38973 | G59: =+ROUND(E59*F59,0) -> 1549177
B60: 12 | C60: ESTRUCTURAS EN CONCRETO Y MADERA
B61: 12.1 | C61: Construccion de placa sobre area de lavapies en concreto de 3000psi, incluye lamina de board 20mm de fondo y vaceado de plantilla con espesor de 15cm, acero de 3/8"" @ 0,15 cm en ambos sentidos, acabado final en enchape piso pared Atlanta Marfil 8170 dim: 0,31 x 0,61, incluye pegacor y blindaboquilla. (Dim : 0,45 x 3,50m / area de intervemcion) | D61: M2 | E61: =0.45*3.5 -> 1.575 | F61: =+APU!H1911 -> 857457 | G61: =+ROUND(F61*E61,0) -> 1350495
B62: 12.2 | C62: Construccion de lavatrapero ancho 0,60mt x 0,45 mt en bloque No.10; Incluye pañete impermeabilizado, suministro e instalacion de lavatrapero plastico C/ Vacula, con sus repectivos accesorios de instalacion | D62: UN | E62: 1 | F62: =+APU!$H$2171 -> 950427 | G62: =+F62*E62 -> 950427
B63: 13 | C63: CUBIERTA
B64: 13.1 | C64: Suministro y aplicación de merulex IFS - Sika. En area de cubierta | D64: M2 | E64: 66 | F64: =+$F$42 -> 69704 | G64: =+E64*F64 -> 4600464
B65: 14 | C65: ACABADO EN PINTURA
B66: 14.1 | C66: Acabado en pintura exterior, tipo koraza sobre muros. | D66: M2 | E66: 47.19 | F66: =+$F$37 -> 81682 | G66: =ROUND(+E66*F66,0) -> 3854574
B67: 14.2 | C67: Acabado en pintura interior muros, tipo 1 color blanco, incluye una mano de pintura impermeable | D67: M2 | E67: 33.02 | F67: =+$F$38 -> 78522 | G67: =ROUND(+E67*F67,0) -> 2592796
B68: 14.3 | C68: Acabado en pintura y lijado de area exterior con barniz de alta resistencia para piso deck en madera,incluye area de rampa, contra huella de escalones. | D68: M2 | E68: 38.79 | F68: =+$F$39 -> 101707 | G68: =ROUND(+E68*F68,0) -> 3945215
B69: 14.4 | C69: Acabado en pintura y lijado exterior para columnas tipo sandwich en madera, vinilo tipo 1 - colores por definir | D69: ML | E69: 84 | F69: =+$F$40 -> 55645 | G69: =+E69*F69 -> 4674180
B70: 14.5 | C70: Acabado en pintura y lijado exterior para cubierta en madera, barnis de alta resistencia | D70: M2 | E70: 58.7 | F70: =+$F$43 -> 114707 | G70: =ROUND(+E70*F70,0) -> 6733301
B71: 14.6 | C71: Acabado en pintura en vinilo colores exterior e interior para cercha en madera. | D71: M2 | E71: 14.77 | F71: =+$F$41 -> 78522 | G71: =ROUND(+E71*F71,0) -> 1159770
C72: INSTALACIONES HIDROSANITARIAS
B73: 15 | C73: PRELIMINARES
B74: 15.1 | C74: Limpieza y desinfección de pozo barreno , incluye remoción del material adherido o moho y sedimentos y tratamiento con quimicos y disposicion final y ambiental del residuo. | D74: GL | E74: 1 | F74: =+APU!$H$1262 -> 357284 | G74: =+E74*F74 -> 357284
B75: 15.2 | C75: Suministro e instalacion de tapa Pozo de agua entrada tipo sobreponer, con estructura y alma en perfil de 3x1 1/2, estilo entamborado y marco perimetral estilo escuadra de 2, Color del aluiminio acabado madera, incluye marco y contramarco, bisagras, manilla y porta candado, candado. Dim: 0,90m x 0,90m | D75: UND | E75: 1 | F75: =+APU!$H$2913 -> 1784588 | G75: =+E75*F75 -> 1784588
B76: 15.3 | C76: Mantenimiento de bombas existente, engrace UB40, cambio de aceite. | D76: Gl | E76: 1 | F76: 250000 | G76: =+E76*F76 -> 250000
B77: 16 | C77: SUMINISTRO E INSTALACION APARATOS
B78: 16.1 | C78: Desmonte y reinstalacion de lavamanos de empotrar existente incluye griferia para lavamanos tipo grival ref. PM422 - push desague metal ref. 93538 | D78: UND | E78: 3 | F78: =+APU!$H$1308 -> 585306 | G78: =F78*E78 -> 1755918
B79: 16.2 | C79: Suministro e instalacion de barras de seguridad tipo metalica Dim: 0,60ml, incluye tornilleria de fijacion | D79: UND | E79: 3 | F79: =+APU!$H$1356 -> 264837 | G79: =F79*E79 -> 794511
B80: 16.3 | C80: Suministro, instalacion llaves cierre rapido para area de lavamanos | D80: UND | E80: 2 | F80: =+APU!$H$1405 -> 58613 | G80: =F80*E80 -> 117226
B81: 16.4 | C81: Suministro, instalacion y cambio de griferia par orinales tipo push, incluye desistalacion del existente y disposicion final | D81: UND | E81: 2 | F81: =+APU!$H$1454 -> 694997 | G81: =F81*E81 -> 1389994
B82: 16.5 | C82: Suministro e instalacion de biscochos (tapa sanitario) para sanitario, incluye retiro de la existente y disposicion final fuera del parque | D82: UND | E82: 5 | F82: =+APU!$H$1507 -> 268296 | G82: =F82*E82 -> 1341480
B83: 16.6 | C83: Suministro, instalacion y cambio de griferia para sanitarios tipo push, incluye desistalacion de la griferia xistente | D83: UND | E83: 5 | F83: =+APU!H1555 -> 194219 | G83: =F83*E83 -> 971095
C84: INSTALACIONES ELECTRICAS
B85: 17 | C85: SUMINISTRO E INSTALACION APARATOS
B86: 17.1 | C86: Suministro e instalacion de lampara tipo reflector con panel solar led IP65 120W CCT Ecolite (interior baños) | D86: UND | E86: 2 | F86: =+APU!$H$2218 -> 427189 | G86: =+E86*F86 -> 854378
B87: 18 | C87: CARPINTERIA DE MADERA
B88: 18.1 | C88: Demonte acabado meson de lavamanos, incluye retiro de lavamanos, griferia, enchape Area prom: (3,80 x 0,60) | D88: Gl | E88: 1 | F88: =+APU!$H$2271 -> 312403 | G88: =+E88*F88 -> 312403
B89: 18.2 | C89: Acabado en enchape ref. Roding gris 60 x 120 KPO4427, incluye pegante, boquilla y pirlan metalico | D89: M2 | E89: =(5.8*0.6)+((0.6*1)*2) -> 4.68 | F89: =+APU!$H$2321 -> 248185 | G89: =+ROUND(E89*F89,0) -> 1161506
B90: 18.3 | C90: Acabado en enchape ref. Roding gris 60 x 120 KPO4427, incluye pegante, boquilla y pirlan metalico | D90: ML | E90: =1+3.8+1 -> 5.8 | F90: =+APU!$H$2370 -> 137812 | G90: =+ROUND(E90*F90,0) -> 799310
B91: 18.4 | C91: Ajuste de mueble existente en madera, incluye desmonte de mueble, corte acorde a nuevo diseño, refuerzo en madera, colocacion de base de fondo en triplex marino 5/8, cambio de bisagras y manillas, acabado barniz con tintilla color | D91: Gl | E91: 1 | F91: =+APU!$H$2418 -> 2367990 | G91: =+E91*F91 -> 2367990
B92: 18.5 | C92: Construccion de patas en board No10, incluye estructura liviana. Desmonte de patas existentes. Area prom: (1,00 x 0,60) | D92: UND | E92: 2 | F92: =+APU!$H$2467 -> 648652 | G92: =+E92*F92 -> 1297304
B93: 18.6 | D93: UND | G93: =+E93*F93 -> 0
B94: 18.7 | C94: Suministro e instalacion de pasadores metalicos, para puertas divisorias areas de sanitarios, incluye retiro de las existentes | D94: UND | E94: 5 | F94: =+APU!$H$2020 -> 37888 | G94: =+E94*F94 -> 189440
B95: 18.8 | C95: Construccion de espejo en tabla de madera 1"x10" pino inmunizado y pintado con esmalte (aleros de cubierta) | D95: ML | E95: 5 | F95: =+APU!$H$2073 -> 206192 | G95: =+ROUND(E95*F95,0) -> 1030960
B96: 18.9 | C96: Construccion Deck zona escalonada area bateria de baños en listones de pino inmunizado de 2x4 y 2x6, incluye contrahuellas en liston 2x6 pino inmunizado, huellas en 2x4 en pino inmunizado, tornilleria, barniz marino. Area prom: 31,75M2 | D96: UND | E96: 1 | F96: =+$F$30*31.75 -> 24177022 | G96: =+ROUND(E96*F96,0) -> 24177022
B97: 18.1 | C97: Construccion de Rampa acceso a baños en listones de pino inmunizado de 2x4 y 2x6, incluye liston 2x6 y 2x4 en pino inmunizado, tornilleria, barniz marino. Area prom: 7,91M2 | D97: M2 | E97: 7.91 | F97: =+$F$29 -> 761481 | G97: =+ROUND(E97*F97,0) -> 6023315
B98: 18.11 | C98: Decoración de muros en madera mahame , incluye pintura barniz marino tintilla color, desmonte de elementos existentes. | D98: M2 | E98: 19.7514 | F98: =+APU!$H$2123 -> 344263 | G98: =+ROUND(E98*F98,0) -> 6799676
B99: 19 | C99: ENCHAPE Y PISO
B100: 19.1 | C100: Demolición de enchape de muros, incluye reacomodacion en sitio (Donde indique la supervision) | D100: M2 | E100: =+E101 -> 8.24 | F100: =+APU!$H$1966 -> 55138 | G100: =+ROUND(E100*F100,0) -> 454337
B101: 19.2 | C101: Suministro e Instalacion de enchape sobre muros en ceramica ref.Encahpe piso pared islandia as taupe Dim: 0,22 x 0,90 corona area de lavamanos , sobre nivel de meson y hall de acceso (area de lavamanos) incluye pegacord o similar, enboquillada. | D101: M2 | E101: =+(1*2.5)*2+(2.7*1.2) -> 8.24 | F101: =+APU!$H$1606 -> 288061 | G101: =+ROUND(E101*F101,0) -> 2373623
B102: 19.3 | C102: Suministro e instalacion de espejo con borde en aluminio plateado tipo arco ref, 033511, con dimensiones 0,60 x 0,90mt, incluye accesorios de fijacion | D102: UN | E102: 3 | F102: =+APU!$H$1703 -> 402248 | G102: =+E102*F102 -> 1206744
C103: INSTALACIONES HIDROSANITARIAS
B104: 20 | C104: SUMINISTRO E INSTALACION APARATOS
B105: 20.1 | C105: Rejillas para sifones de piso de 2" platicas | D105: UN | E105: 5 | F105: =+APU!$H$1753 -> 37079 | G105: =+E105*F105 -> 185395
B106: 20.2 | C106: Suministro e instalacion de incrustaciones en acero inoxidble tipo industrial, incluye dispensador de papel en acero inoxidable 400ml (2und),dispensador de toallas de papel en acero inoxidable (2und), jaboneras en acero inoxidable(2und), canecas de basura para baño cant (2un) | D106: GL | E106: 1 | F106: =+APU!$H$1812 -> 2100745 | G106: =+E106*F106 -> 2100745
B107: 21 | C107: PLAN DE MANEJO AMBIENTAL
...

Sheet APU
A6: ANALISIS DE PRECIOS UNITARIOS
G7: FECHA: MAYO 2026
A8: ITEM: Limpieza y desinfeccion de sistema disposicion aguas negras
G9: UNIDAD: GL
A10: EQUIPO
A11: DESCRIPCION | C11: TIPO | D11: CAPAC. | E11: TARIFA/HORA | F11: REND. HOR | G11: VR/PARCIAL
A12: HERRAMIENTA MENOR 5%M.O | G12: =ROUND(H36*0.05,0)+8-16 -> 139997
A13: TRANSPORTE MARITIMO | E13: 350000 | F13: 0.5 | G13: =ROUND(E13*F13,0) -> 175000
A14: TRANSPORTE TERRESTRE | E14: 50000 | F14: 0.1 | G14: =ROUND(E14*F14,0) -> 5000
G15: =ROUND(E15*F15,0) -> 0
F16: SUBTOTAL | H16: =SUM(G12:G15) -> 319997
A17: 2. MATERIALES
A18: DESCRIPCION | C18: UNIDAD | D18: DESP.% | E18: CANTIDAD | F18: VR. UNITARIO | G18: VR. PARCIAL
A19: Elementos de seguridad | C19: GL | E19: 1 | F19: 100000 | G19: =ROUND(E19*F19,0) -> 100000
A20: Jabon liquido | C20: Gln | E20: 1 | F20: 50000 | G20: =ROUND(E20*F20,0) -> 50000
A21: Cloro granulado | C21: GL | E21: 1 | F21: 50000 | G21: =ROUND(E21*F21,0) -> 50000
G22: =ROUND(E22*F22,0) -> 0
G23: =ROUND(E23*F23,0) -> 0
G24: =ROUND(E24*F24,0) -> 0
G25: =ROUND(E25*F25,0) -> 0
G26: =ROUND(E26*F26,0) -> 0
G27: =ROUND(E27*F27,0) -> 0
F28: SUBTOTAL COSTO MATERIAL | H28: =SUM(G19:G27) -> 200000
F29: DESPERDICIO 5% | H29: =ROUND((D19*G19)+(D20*G20)+(D21*G21)+(D22*G22)+(D23*G23)+(D24*G24)+(D25*G25)+(D26*G26)+(D27*G27),0) -> 0
F30: TOTAL COSTO MATERIAL | H30: =SUM(H28:H29) -> 200000
A31: 3. MANO DE OBRA
A32: DESCRIPCION | C32: JORNAL | D32: PRESTACIONES | E32: T. JORNAL | F32: RENDIMIENTO | G32: VR. PARCIAL
A33: OFICIAL | C33: =104000+26000 -> 130000 | D33: =+C33*0.16 -> 20800 | E33: =C33+D33 -> 150800 | F33: 12 | G33: =ROUND(E33*F33,0) -> 1809600
A34: AYUDANTE | C34: =60400+25850 -> 86250 | D34: =+C34*0.16 -> 13800 | E34: =C34+D34 -> 100050 | F34: 9.9 | G34: =ROUND(E34*F34,0) -> 990495
E35: =C35+D35 -> 0 | G35: =ROUND(E35*F35,0) -> 0
E36: SUBTOTAL MANO DE OBRA | H36: =SUM(G33:G35) -> 2800095
E38: TOTAL COSTO DIRECTO | H38: =H36+H30+H16 -> 3320092
A40: COSTOS INDIRECTOS
A41: DESCRIPCION | F41: % | G41: VR.PARCIAL
A42: A.I.U.30% | G42: =F42*H38 -> 0
G43: =F43*H38 -> 0
G44: =F44*H38 -> 0
E45: SUBTOTAL COSTOS INDIRECTOS | H45: =SUM(G42:G44) -> 0
F47: VALOR PRECIO UNITARIO | H47: =SUM(H45+H38) -> 3320092
A51: ANALISIS DE PRECIOS UNITARIOS
G52: FECHA: Abril 2023
A53: ITEM: Limpieza,incluye retiro y reinstalacion de tuberia sanitaria de 4" y 2" PVC, espina de pescado para filtro de aguas residuales, incluye la excavacion de sanja, retiro de tuberia, reinstalacion de cama en gravilla, forrada en polisombra doble, recubrimiento de tuberia con material de sitio.
G54: UNIDAD: GLB
A55: EQUIPO
A56: DESCRIPCION | C56: TIPO | D56: CAPAC. | E56: TARIFA/HORA | F56: REND. HOR | G56: VR/PARCIAL
A57: HERRAMIENTA MENOR 5%M.O | G57: =ROUND(H81*0.05,0)+8-16 -> 95344
A58: TRANSPORTE | E58: 150000 | F58: 1 | G58: =ROUND(E58*F58,0) -> 150000
G59: =ROUND(E59*F59,0) -> 0
G60: =ROUND(E60*F60,0) -> 0
F61: SUBTOTAL | H61: =SUM(G57:G60) -> 245344
A62: 2. MATERIALES
A63: DESCRIPCION | C63: UNIDAD | D63: DESP.% | E63: CANTIDAD | F63: VR. UNITARIO | G63: VR. PARCIAL
A64: TUBERIA 4" | C64: ML | D64: 0.05 | E64: 50 | F64: 35000 | G64: =ROUND(E64*F64,0) -> 1750000
A65: UNION 4" | C65: UND | E65: 4 | F65: =7200*1.6 -> 11520 | G65: =ROUND(E65*F65,0) -> 46080
A66: CODO 4" | C66: UND | E66: 4 | F66: =12500*1.6 -> 20000 | G66: =ROUND(E66*F66,0) -> 80000
A67: LIMPIADOR | C67: GL | E67: 1 | F67: 42500 | G67: =ROUND(E67*F67,0) -> 42500
A68: PEGANTE PVC 1/4 | C68: UND | E68: 1 | F68: 88000 | G68: =ROUND(E68*F68,0) -> 88000
A69: YEE DOBLE 4X2 | C69: UND | E69: 5 | F69: =28500*1.5 -> 42750 | G69: =ROUND(E69*F69,0) -> 213750
A70: GRAVILLA | C70: BULTOS | D70: 0.05 | E70: 50 | F70: =18000*1.6 -> 28800 | G70: =ROUND(E70*F70,0) -> 1440000
A71: TUBERIA 2" | C71: ML | D71: 0.05 | E71: 12 | F71: 15000 | G71: =ROUND(E71*F71,0) -> 180000 | L71: 59000 | M71: 10000 | N71: 20000 | O71: =SUM(L71:N71) -> 89000 | P71: =+O71/6 -> 14833.333
A72: POLISOMBRE | C72: ML | D72: 0.05 | E72: 20 | F72: 5000 | G72: =ROUND(E72*F72,0) -> 100000
F73: SUBTOTAL COSTO MATERIAL | H73: =SUM(G64:G72) -> 3940330
F74: DESPERDICIO 5% | H74: =ROUND((D64*G64)+(D65*G65)+(D66*G66)+(D67*G67)+(D68*G68)+(D69*G69)+(D70*G70)+(D71*G71)+(D72*G72),0) -> 173500
F75: TOTAL COSTO MATERIAL | H75: =SUM(H73:H74) -> 4113830
A76: 3. MANO DE OBRA
A77: DESCRIPCION | C77: JORNAL | D77: PRESTACIONES | E77: T. JORNAL | F77: RENDIMIENTO | G77: VR. PARCIAL
A78: OFICIAL | C78: 104000 | D78: =+C78*0.16 -> 16640 | E78: =C78+D78 -> 120640 | F78: 10 | G78: =ROUND(E78*F78,0) -> 1206400
A79: AYUDANTE | C79: 60400 | D79: =+C79*0.16 -> 9664 | E79: =C79+D79 -> 70064 | F79: 10 | G79: =ROUND(E79*F79,0) -> 700640
E80: =C80+D80 -> 0 | G80: =ROUND(E80*F80,0) -> 0
E81: SUBTOTAL MANO DE OBRA | H81: =SUM(G78:G80) -> 1907040
E83: TOTAL COSTO DIRECTO | H83: =H81+H75+H61 -> 6266214
A85: COSTOS INDIRECTOS
A86: DESCRIPCION | F86: % | G86: VR.PARCIAL
A87: A.I.U.30% | G87: =F87*H83 -> 0
G88: =F88*H83 -> 0
G89: =F89*H83 -> 0
E90: SUBTOTAL COSTOS INDIRECTOS | H90: =SUM(G87:G89) -> 0
F92: VALOR PRECIO UNITARIO | H92: =SUM(H90+H83) -> 6266214
A96: ANALISIS DE PRECIOS UNITARIOS
G97: FECHA: MAYO 2026
A98: ITEM: Limpieza,incluye retiro y reinstalacion de tuberia sanitaria de 4" y 2" PVC, espina de pescado para filtro de aguas residuales, incluye la excavacion de sanja, retiro de tuberia, reinstalacion de cama en gravilla, forrada en polisombra doble, recubrimiento de tuberia con material de sitio.
G99: UNIDAD: ML
A100: EQUIPO
A101: DESCRIPCION | C101: TIPO | D101: CAPAC. | E101: TARIFA/HORA | F101: REND. HOR | G101: VR/PARCIAL
A102: HERRAMIENTA MENOR 5%M.O | G102: =ROUND(H126*0.05,0)+8-16 -> 3255
A103: TRANSPORTE MARITIMO | E103: 350000 | F103: 0.1 | G103: =ROUND(E103*F103,0) -> 35000
A104: TRANSPORTE TERRESTRE | E104: 50000 | F104: 0.1 | G104: =ROUND(E104*F104,0) -> 5000
G105: =ROUND(E105*F105,0) -> 0
F106: SUBTOTAL | H106: =SUM(G102:G105) -> 43255
A107: 2. MATERIALES
A108: DESCRIPCION | C108: UNIDAD | D108: DESP.% | E108: CANTIDAD | F108: VR. UNITARIO | G108: VR. PARCIAL
A109: TUBERIA 4" | C109: ML | D109: 0.05 | E109: 2 | F109: =133000/6 -> 22166.667 | G109: =ROUND(E109*F109,0) -> 44333
A110: UNION 4" | C110: UND | E110: 0.2 | F110: 7200 | G110: =ROUND(E110*F110,0) -> 1440
A111: CODO 4" | C111: UND | E111: 0.16 | F111: 12500 | G111: =ROUND(E111*F111,0) -> 2000
A112: LIMPIADOR | C112: GL | E112: 0.04 | F112: 42500 | G112: =ROUND(E112*F112,0) -> 1700
A113: PEGANTE PVC 1/4 | C113: UND | E113: 0.04 | F113: 88000 | G113: =ROUND(E113*F113,0) -> 3520
A114: YEE DOBLE 4X2 | C114: UND | E114: 0.2 | F114: 28500 | G114: =ROUND(E114*F114,0) -> 5700
A115: GRAVILLA | C115: BULTOS | E115: 1 | F115: =18000*1.6 -> 28800 | G115: =ROUND(E115*F115,0) -> 28800
A116: TUBERIA 2" | C116: ML | D116: 0.05 | E116: 0.18 | F116: =64000/6 -> 10666.667 | G116: =ROUND(E116*F116,0) -> 1920
A117: POLISOMBRA | C117: ML | D117: 0.05 | E117: 0.8 | F117: 5800 | G117: =ROUND(E117*F117,0) -> 4640
...
